Map: Oxide LE

Players

RagnaroK (SHIN)

  • Race: Zerg Zerg
  • Spawn Location: 7:00

Bunny - Winner!

  • Race: Terran Terran
  • Spawn Location: 1:00

Event: IEM Katowice 2021

VOD

Have the link to the VOD?

Description

Time

  • Played on: Feb. 21, 2021, 10:18 a.m.
  • Length: 11:40

All games in this series

Show
View Real Time Build Order
Export as new Build Order

RagnaroK Zerg 

Build Orders: Hatch First 

Get SALT Encoding   

  12  0:00  Drone  
  13  0:12  Overlord  
  13  0:16  Drone  
  14  0:31  Drone x2  
  16  0:36  Drone  
  17  0:51  Hatchery  
  17  0:53  Drone  
  17  0:57  Drone  
  18  1:11  Spawning Pool  
  17  1:13  Drone  
  17  1:18  Drone  
  19  1:28  Drone  
  20  1:38  Drone  
  21  1:40  Extractor  
  20  2:02  Queen x2  
  20  2:03  Zergling x6  
  27  2:15  Overlord  
  27  2:16  Hatchery  
  27  2:19  Drone  
  27  2:23  Drone  
  28  2:34  Drone x2  
  28  2:35  Drone  
  31  2:40  Queen  
  33  2:46  Drone  
  33  2:49  Overlord  
  34  2:53  Metabolic Boost  
  34  2:57  Drone  
  35  2:59  Drone  
  36  3:14  Drone x5  
  36  3:16  Queen  
  43  3:21  Overlord  
  43  3:29  Pneumatized Carapace  
  43  3:31  Queen  
  45  3:34  Drone  
  45  3:35  Drone  
  45  3:39  Drone x2  
  49  3:43  Drone  
  49  3:44  Drone x2  
  49  3:46  Drone  
  53  3:52  Queen  
  53  3:54  Overlord  
  55  3:57  Drone  
  55  3:58  Drone  
  57  4:04  Drone  
  57  4:05  Baneling Nest  
  57  4:07  Overlord  
  57  4:09  Drone  
  58  4:14  Drone x4  
  62  4:17  Spore Crawler  
  62  4:18  Drone  
  62  4:21  Spore Crawler  
  62  4:22  Drone  
  62  4:25  Spore Crawler  
  62  4:26  Zergling x6  
  62  4:30  Zergling x4  
  66  4:34  Drone  
  66  4:35  Drone x3  
  70  4:38  Drone x2  
  70  4:39  Drone  
  70  4:43  Lair  
  70  4:44  Drone  
  74  4:54  Overlord  
  74  4:57  Extractor x2  
  74  4:59  Drone x2  
  74  5:00  Evolution Chamber  
  74  5:03  Evolution Chamber, Drone  
  74  5:04  Overlord  
  73  5:08  Drone  
  73  5:11  Overlord  
  73  5:12  Drone  
  73  5:14  Drone x3  
  73  5:15  Drone  
  73  5:17  Drone x2  
  73  5:19  Queen  
  80  5:23  Extractor x2  
  80  5:24  Drone  
  80  5:26  Hatchery  
  80  5:28  Drone x4  
  77  5:30  Drone x3  
  77  5:35  Drone  
  80  5:36  Drone  
  80  5:38  Zerg Ground Armor Level 1  
  78  5:45  Drone, Zerg Melee Weapons Level 1  
  78  5:47  Drone x3  
  78  5:49  Drone x2  
  82  5:51  Drone x2  
  82  5:57  Zergling x10  
  88  6:02  Drone  
  89  6:05  Centrifical Hooks  
  89  6:06  Overlord  
  89  6:08  Zergling x6  
  92  6:14  Overlord  
  92  6:16  Zergling x4  
  94  6:20  Zergling x2  
  95  6:26  Zergling x2  
  95  6:27  Zergling x12  
  95  6:30  Zergling x4  
  95  6:31  Hydralisk Den  
  103  6:33  Overseer  
  103  6:35  Zergling x2  
  103  6:36  Zergling x4  
  103  6:37  Overseer  
  103  6:39  Burrow  
  106  6:40  Zergling x2  
  106  6:41  Zergling x4  
  106  6:43  Drone  
  110  6:48  Baneling x8  
  110  6:49  Drone  
  110  6:52  Drone x3  
  110  6:53  Drone  
  115  6:56  Zergling x6  
  115  6:57  Zergling x2  
  119  7:05  Zergling x4  
  119  7:06  Overlord x2  
  119  7:07  Overlord x2  
  119  7:11  Grooved Spines  
  119  7:14  Baneling  
  119  7:15  Baneling x6  
  119  7:18  Overlord  
  119  7:24  Drone x2  
  119  7:25  Drone x3  
  119  7:26  Zergling x12  
  128  7:35  Drone x5  
  128  7:36  Drone  
  128  7:37  Queen  
  128  7:38  Drone, Spore Crawler  
  128  7:39  Zerg Ground Armor Level 2, Zerg Melee Weapons Level 2  
  128  7:42  Drone  
  131  7:44  Drone x3  
  131  7:45  Spore Crawler  
  131  7:48  Hydralisk x2  
  131  7:49  Zergling x2  
  132  8:00  Hydralisk, Zergling x2  
  132  8:01  Zergling x10  
  140  8:08  Drone  
  140  8:10  Drone x4  
  144  8:13  Zergling x10  
  144  8:14  Zergling x4  
  149  8:22  Zergling x2, Hatchery, Overlord  
  149  8:29  Zergling x12  
  149  8:32  Baneling x13  
  151  8:36  Zergling x6  
  151  8:41  Extractor, Overlord  
  152  8:42  Zergling x8  
  152  8:44  Muscular Augments  
  152  8:45  Zergling x6  
  152  8:48  Zergling x4  
  160  8:52  Baneling  
  160  8:53  Zergling x4, Baneling x4  
  160  8:55  Spore Crawler  
  161  8:58  Zergling x6  
  161  9:01  Zergling x8  
  153  9:10  Hydralisk x5  
  153  9:15  Overlord, Baneling  
  153  9:16  Overlord x2  
  163  9:17  Zergling x8  
  163  9:18  Baneling x2  
  163  9:19  Baneling  
  163  9:22  Overlord x3  
  165  9:34  Hydralisk  
  165  9:35  Zergling x18  
  172  9:41  Infestation Pit  
  172  9:42  Hydralisk  
  172  9:43  Zergling x8  
  177  9:46  Baneling x11  
  177  9:53  Zergling x18  
  186  10:01  Zergling x8  
  186  10:02  Baneling  
  186  10:03  Baneling x8  
  177  10:07  Zergling x2  
  177  10:11  Hydralisk, Zergling x2  
  177  10:12  Zergling x14  
  153  10:16  Zergling x2  
  153  10:17  Hydralisk, Zergling x2  
  156  10:21  Hydralisk  
  156  10:22  Zergling x10  
  156  10:23  Zergling x2  
  156  10:25  Zergling x8  
  168  10:30  Zergling x4  
  168  10:33  Zergling x6  
  168  10:34  Zergling x2  
  168  10:35  Zergling x2  
  173  10:37  Zergling x2  
  173  10:41  Zergling x4  
  150  10:43  Zergling x4  
  150  10:48  Baneling  
  150  10:49  Zergling x2, Baneling x16  
  144  10:50  Zergling x8  
  144  10:53  Zergling x18  
  144  10:56  Zergling x4  
  133  10:58  Zergling x4  
  133  11:01  Zergling x6  
  133  11:02  Queen  
  127  11:04  Zergling x2  
  127  11:08  Hydralisk  
  127  11:09  Zergling x4  
  127  11:10  Zergling x2  
  124  11:17  Zergling x8  
  127  11:19  Baneling x12  
  127  11:21  Zergling x6  
  127  11:22  Zergling x4  
Show
View Real Time Build Order
Export as new Build Order

Bunny Terran - Winner!

Build Orders: Banshee Rush 

Get SALT Encoding   

  12  0:00  SCV  
  13  0:12  SCV  
  14  0:17  Supply Depot  
  14  0:24  SCV  
  15  0:39  SCV  
  15  0:40  Barracks  
  16  0:43  Refinery  
  16  0:51  SCV  
  17  1:03  SCV  
  18  1:15  SCV  
  19  1:27  Orbital Command  
  19  1:35  Command Center  
  19  1:37  Marine  
  20  1:48  Factory  
  20  1:52  SCV  
  21  2:03  Barracks Reactor  
  21  2:04  SCV  
  21  2:06  Supply Depot  
  22  2:09  Refinery  
  22  2:16  SCV  
  23  2:29  SCV  
  24  2:37  Starport  
  24  2:40  Marine x2  
  24  2:41  SCV  
  24  2:42  Factory Tech Lab  
  27  2:46  Orbital Command  
  27  2:53  SCV  
  27  2:57  Marine  
  27  2:58  Marine  
  30  3:05  SCV  
  31  3:09  Factory Reactor  
  31  3:11  SCV  
  32  3:15  Marine x2  
  32  3:17  SCV  
  32  3:19  Banshee  
  38  3:23  SCV  
  38  3:25  Supply Depot  
  39  3:27  Cloaking Field  
  39  3:29  SCV  
  42  3:36  SCV  
  43  3:41  SCV  
  43  3:47  Hellion x2  
  43  3:48  SCV  
  47  3:54  SCV  
  48  3:57  Command Center  
  48  4:00  SCV  
  48  4:02  Banshee  
  52  4:05  Supply Depot  
  52  4:09  SCV  
  53  4:12  SCV  
  54  4:20  Supply Depot  
  54  4:21  Barracks Tech Lab  
  54  4:23  Barracks  
  54  4:27  SCV x2  
  54  4:28  Barracks  
  56  4:38  Factory Reactor  
  56  4:39  SCV x2  
  56  4:41  Stimpack  
  58  4:47  Engineering Bay x2  
  58  4:51  SCV x2  
  60  4:56  Refinery  
  60  4:57  Marine, Refinery  
  61  5:03  SCV x2  
  61  5:05  Supply Depot  
  63  5:11  Orbital Command  
  56  5:16  Marine  
  56  5:17  SCV x2  
  56  5:18  Terran Infantry Weapons Level 1, Terran Infantry Armor Level 1  
  56  5:21  Marine x2  
  58  5:22  Marine x2  
  61  5:30  Siege Tank  
  61  5:32  Medivac  
  61  5:33  SCV x2  
  61  5:34  Marine  
  69  5:39  Marine x3  
  69  5:40  Marine  
  73  5:45  Medivac  
  73  5:48  SCV, Orbital Command  
  73  5:49  SCV  
  77  5:52  Marine  
  77  5:56  Marine  
  77  5:57  Supply Depot x2, Marine x2  
  79  6:00  Marine  
  79  6:01  SCV x2  
  84  6:05  Medivac  
  84  6:09  Marine  
  84  6:11  Siege Tank  
  90  6:13  SCV x2  
  90  6:14  SCV  
  90  6:18  Marine x3  
  96  6:20  Supply Depot x2  
  96  6:21  Marine, Combat Shield  
  96  6:25  SCV x2  
  99  6:27  Medivac  
  99  6:29  SCV, Refinery  
  99  6:30  Marine  
  103  6:35  Supply Depot  
  103  6:36  Marine x2  
  103  6:37  SCV x2  
  107  6:41  SCV  
  107  6:44  Barracks, Supply Depot  
  107  6:45  Barracks  
  108  6:48  Armory  
  108  6:49  SCV x2  
  108  6:50  Marine  
  108  6:51  Marine x2  
  108  6:54  Marine x2  
  114  6:55  SCV  
  114  7:01  Widow Mine, SCV  
  118  7:07  SCV x2  
  121  7:13  SCV, Supply Depot  
  122  7:17  Marine  
  122  7:18  Marine x3  
  122  7:19  Marine  
  127  7:25  SCV, Command Center  
  127  7:26  SCV x2  
  127  7:28  Widow Mine  
  125  7:37  Barracks Reactor x2  
  125  7:38  Marine x5  
  125  7:40  Terran Infantry Armor Level 2, Terran Infantry Weapons Level 2  
  125  7:42  Factory  
  125  7:43  Supply Depot  
  130  7:45  SCV  
  130  7:46  SCV x2  
  133  7:53  Medivac x2, Supply Depot  
  137  7:59  Marine x2  
  137  8:00  Marine x3  
  147  8:14  Supply Depot  
  147  8:17  Marine  
  147  8:18  Marauder  
  147  8:19  Marine, Siege Tank  
  147  8:20  Supply Depot x2, Marine x6  
  147  8:23  Medivac x2, Concussive Shells  
  158  8:27  Barracks  
  158  8:28  Barracks  
  158  8:34  Factory Tech Lab  
  158  8:35  Marine  
  158  8:37  Marine  
  158  8:39  Marauder  
  162  8:47  Barracks  
  162  8:51  Siege Tank  
  162  8:55  Siege Tank  
  168  8:56  Marine x8  
  168  9:01  Marauder  
  167  9:06  Medivac x2  
  171  9:13  SCV x3, Marine  
  171  9:14  Marine x3  
  178  9:18  Planetary Fortress  
  178  9:19  Refinery  
  178  9:20  Marine x3  
  178  9:21  Marine  
  178  9:22  Marauder  
  178  9:23  Siege Tank, Barracks Tech Lab x2  
  187  9:27  Siege Tank  
  187  9:31  Marine  
  187  9:32  Marine x3  
  187  9:36  Barracks Tech Lab  
  187  9:38  Marine x4  
  191  9:44  Marauder  
  191  9:45  Refinery  
  196  9:46  Sensor Tower  
  196  9:49  Marine  
  196  9:52  Sensor Tower  
  197  9:57  Marauder  
  197  9:58  Marine  
  200  10:00  Command Center  
  194  10:12  Marauder, Marine x4  
  194  10:13  Marauder x2, Marine x3  
  166  10:16  Marine  
  166  10:17  Medivac x2  
  166  10:18  Marauder  
  173  10:22  Siege Tank  
  176  10:30  Marine x6  
  176  10:32  Marine, Siege Tank  
  176  10:33  Marine x2  
  176  10:34  Marauder, Marine  
  188  10:39  Marine  
  168  10:48  Marine x6  
  168  10:50  Marine  
  168  10:52  Marauder x2, Marine  
  168  10:54  Marine, Siege Tank  
  166  11:02  Medivac x2  
  166  11:04  Siege Tank  
  169  11:10  Marauder  
  169  11:11  Marine x8  
  151  11:13  Marauder x2  
  158  11:18  Marine  

Tags
 
Add a new tag
Caveats
  • Supply blocks, unpowered buildings, or Contaminate may cause inaccurate times.
  • Supply counts are checked every 10 seconds.